 Dungeon Crawl Stone Soup version 0.27-a0-1139-g28e009f8a6 (webtiles) character file.

Game seed: 5172859943762776637

5913 leviel the Cleaver (level 10, -7/90 HPs)
             Began as a Minotaur Fighter on May 7, 2021.
             Was a Priest of Fedhas.
             Mangled by a two-headed ogre
             ... wielding a +0 giant club
              (25 damage)
             ... on level 9 of the Dungeon.
             The game lasted 00:11:03 (7462 turns).

leviel the Cleaver (Minotaur Fighter)               Turns: 7462, Time: 00:11:11

Health: -7/90      AC: 14    Str: 23    XL:     10   Next: 53%
Magic:  9/9        EV: 10    Int:  5    God:    Fedhas [***...]
Gold:   250        SH: 11    Dex: 11    Spells: 9/9 levels left

rFire    . . .     SeeInvis .   a - +1 war axe
rCold    . . .     Faith    .   c - +0 kite shield
rNeg     . . .     Spirit   .   b - +0 scale mail
rPois    +         Reflect  .   t - +1 hat
rElec    .         Harm     .   y - +0 cloak
rCorr    .         Rampage  .   r - +1 pair of gloves
Will     .....                  p - +0 pair of boots
Stlth    ..........             u - amulet of regeneration
HPRegen  1.25/turn              l - ring of poison resistance
MPRegen  0.11/turn              v - ring of flight

@: flying
A: horns 2, retaliatory headbutt
a: Renounce Religion, Wall of Briars, Grow Ballistomycete


You were on level 9 of the Dungeon.
You worshipped Fedhas.
Fedhas was most pleased with you.
You visited 2 branches of the dungeon, and saw 10 of its levels.

You collected 405 gold pieces.
You spent 155 gold pieces at shops.

Inventory:

Hand Weapons
 a - a +1 war axe (weapon)
Missiles
 d - 4 curare-tipped darts (quivered)
 A - a throwing net
Armour
 b - a +0 scale mail (worn)
 c - a +0 kite shield (worn)
 p - a +0 pair of boots (worn)
 r - a +1 pair of gloves (worn)
 t - a +1 hat (worn)
 y - a +0 cloak (worn)
Jewellery
 l - a ring of poison resistance (left hand)
 u - an amulet of regeneration (around neck)
 v - a ring of flight (right hand)
 B - a ring of ice
 F - a ring of ice
Wands
 D - a wand of flame (21)
 E - a wand of paralysis (3)
 H - a wand of mindburst (2)
Scrolls
 h - 2 scrolls of acquirement {unknown}
 i - a scroll of enchant armour
 j - a scroll of fog
 k - 6 scrolls of teleportation
 o - a scroll of magic mapping
 s - 5 scrolls of identify
 C - 2 scrolls of fear {unknown}
 G - a scroll of blinking
Potions
 e - 5 potions of curing
 f - 3 potions of mutation {unknown}
 g - a potion of might
 m - 2 potions of brilliance {unknown}
 n - 2 potions of lignification {unknown}
 q - 2 potions of flight {unknown}
 w - a potion of cancellation {unknown}
 x - a potion of berserk rage {unknown}
 z - 2 potions of heal wounds {unknown}


   Skills:
 + Level 8.5 Fighting
 + Level 11.6 Axes
 + Level 0.5 Throwing
 + Level 9.1 Armour
 + Level 4.6 Dodging
 + Level 1.7 Stealth
 + Level 8.8 Shields
 + Level 0.2 Invocations


You had 9 spell levels left.
You didn't know any spells.
Your spell library contained the following spells:

 Spells                   Type           Power      Damage    Failure   Level
 Magic Dart               Conj           0%         1d3       95%         1
 Searing Ray              Conj           0%         3d3       98%         2
 Dazzling Flash           Conj/Hex       0%         N/A       100%        3
 Fulminant Prism          Conj/Hex       0%         3d6       100%        4
 Iskenderun's Mystic Bla  Conj/Tloc      0%         2d3       100%        4


Dungeon Overview and Level Annotations

Branches:
Dungeon (9/15)             Temple (1/1) D:5             Orc (0/2) D:9
   Lair: D:8-11

Altars:
Ashenzari
Cheibriados
Dithmenos
Elyvilon
Fedhas
Gozag
Hepliaklqana
Kikubaaqudgha
Makhleb
Nemelex Xobeh
Okawaru
Qazlal
Ru
Sif Muna
Trog
Uskayaw
Vehumet
Wu Jian
Xom
Yredelemnul
Zin
The Shining One

Shops:
D:1 !   D:6 [


Innate Abilities, Weirdness & Mutations

You have a pair of horns on your head.
You reflexively headbutt those who attack you in melee.


Message History

The gnoll sergeant hits you but does no damage.
You block the gnoll's attack.
The gnoll sergeant hits you with a +0 trident.
Unknown command.
You closely miss the gnoll sergeant.
Your headbutt misses the gnoll sergeant.
The gnoll sergeant is severely wounded.
You hit the two-headed ogre but do no damage.
The two-headed ogre hits you with a +0 giant club!
The two-headed ogre barely misses you.
The gnoll hits you from afar with a +0 halberd.
The gnoll sergeant hits you with a +0 trident.
You are too injured to fight recklessly!
The two-headed ogre closely misses you.
The two-headed ogre hits you with a +0 giant spiked club!!
* * * LOW HITPOINT WARNING * * *
You block the gnoll sergeant's attack.
There is a large open door here.
You hit the two-headed ogre.
The two-headed ogre is moderately wounded.
The two-headed ogre hits you but does no damage. x2
You block the gnoll's attack.
You hit the two-headed ogre.
The two-headed ogre is moderately wounded.
The gnoll hits you from afar with a +0 halberd.
You block the two-headed ogre's attack.
The two-headed ogre hits you with a +0 giant spiked club!
* * * LOW HITPOINT WARNING * * *
You slash the two-headed ogre!
The two-headed ogre is severely wounded.
You block the two-headed ogre's attack.
The two-headed ogre hits you with a +0 giant spiked club!
* * * LOW HITPOINT WARNING * * *
You hit the two-headed ogre.
The two-headed ogre is severely wounded.
The gnoll sergeant hits you from afar with a +0 trident.
* * * LOW HITPOINT WARNING * * *
The two-headed ogre hits you with a +0 giant club!!
You die...
Fedhas appreciates your contribution to the ecosystem.

###.[.............#....
#......##..##..........
##.....###.....##.....#
####...#......##.....#
#...#......##.....#
########g..##)........#
##....#..g...).)####....
#.......O##.....# ##...
.......@.##...### #.##
.........##.^.# #...
#........##.### ##(.
#............### ##.
#....#........)# ##
##...#..###...## ###
#### ##<## ###


You could see a two-headed ogre, a gnoll sergeant and a gnoll.

Vanquished Creatures
  A centaur warrior (D:9)
  A manticore (D:9)
  Maggie (D:7)
  A hornet (D:5)
  2 wyverns
  A human (D:4)
  A vampire mosquito (D:7)
  Menkaure (D:4)
  3 water moccasins
  Duvessa (D:7)
  2 orc warriors
  An ice beast (D:6)
  A sky beast (D:5)
  A necrophage (D:5)
  7 centaurs
  A phantom (D:5)
  Blork the orc (D:4)
  2 bullfrogs (D:8)
  5 scorpions (D:6)
  Dowan (D:7)
  8 wights (D:8)
  8 howler monkeys
  3 hounds
  2 bullfrog zombies
  A jelly (D:6)
  2 centaur skeletons
  A gnoll shaman (D:7)
  4 orc priests
  Crazy Yiuf (D:7)
  A bullfrog skeleton (D:5)
  An iguana (D:7)
  7 orc wizards
  A killer bee zombie (D:6)
  11 gnolls
  5 adders
  A shadow imp (D:9)
  A white imp (D:7)
  2 ufetubi
  2 adder skeletons (D:4)
  2 worms (D:2)
  2 dart slugs
  21 orcs
  12 bats
  9 endoplasms
  A giant cockroach (D:1)
  7 goblins
  3 hobgoblins (D:3)
  11 jackals
  4 quokkas
  14 ball pythons
  5 frilled lizards
  6 kobolds
  13 rats
207 creatures vanquished.

Vanquished Creatures (collateral kills)
  A vampire mosquito (D:7)
1 creature vanquished.

Vanquished Creatures (others)
  An orc wizard (D:4)
  14 fungi (D:6)
15 creatures vanquished.

Grand Total: 223 creatures vanquished

Notes
Turn   | Place    | Note
-------+----------+-------------------------------------------
     0 | D:1      | leviel the Minotaur Fighter began the quest for the Orb.
     0 | D:1      | Reached XP level 1. HP: 19/19 MP: 0/0
   205 | D:1      | Reached XP level 2. HP: 27/27 MP: 1/1
   443 | D:1      | Found Fug Hilu's Distillery.
   768 | D:1      | Reached skill level 3 in Axes
   826 | D:1      | Reached XP level 3. HP: 33/33 MP: 2/2
  1627 | D:2      | Noticed a centaur
  1637 | D:2      | Killed a centaur
  1638 | D:2      | Reached skill level 1 in Dodging
  1638 | D:2      | Reached XP level 4. HP: 8/40 MP: 3/3
  2302 | D:3      | Reached skill level 4 in Axes
  2448 | D:3      | Reached XP level 5. HP: 46/46 MP: 4/4
  2972 | D:3      | Found a faded altar of an unknown god.
  3375 | D:4      | Reached skill level 5 in Fighting
  3384 | D:4      | Reached XP level 6. HP: 56/56 MP: 5/5
  3394 | D:4      | Found a runed translucent door.
  3395 | D:4      | Noticed a human
  3402 | D:4      | Found a basalt altar of Yredelemnul.
  3428 | D:4      | Killed a human
  3429 | D:4      | Reached skill level 5 in Axes
  3429 | D:4      | Reached skill level 5 in Armour
  3429 | D:4      | Reached skill level 5 in Shields
  3575 | D:4      | Noticed Menkaure
  3580 | D:4      | Killed Menkaure
  3581 | D:4      | Reached XP level 7. HP: 21/61 MP: 6/6
  3640 | D:4      | Noticed Blork the orc
  3650 | D:4      | Killed Blork the orc
  3709 | D:4      | Reached skill level 6 in Axes
  4074 | D:5      | Entered Level 5 of the Dungeon
  4074 | D:5      | Found a staircase to the Ecumenical Temple.
  4110 | Temple   | Entered the Ecumenical Temple
  4203 | Temple   | Became a worshipper of Fedhas Madash
  4363 | D:5      | Reached XP level 8. HP: 67/70 MP: 7/7
  4388 | D:5      | Noticed a hornet
  4398 | D:5      | Killed a hornet
  4399 | D:5      | Reached skill level 7 in Axes
  4474 | D:5      | Found an ancient bone altar of Kikubaaqudgha.
  4671 | D:5      | Found a glowing golden altar of the Shining One.
  4813 | D:6      | Reached * piety under Fedhas
  5025 | D:6      | Reached skill level 8 in Axes
  5083 | D:6      | Found Bikailow's Armour Emporium.
  5095 | D:6      | Bought a +0 pair of boots for 45 gold pieces
  5095 | D:6      | Bought a +1 hat for 110 gold pieces
  5173 | D:6      | Reached XP level 9. HP: 79/79 MP: 8/8
  5438 | D:7      | Reached skill level 9 in Axes
  5483 | D:7      | Reached ** piety under Fedhas
  5569 | D:7      | Found a runed translucent door.
  5570 | D:7      | Noticed Crazy Yiuf
  5617 | D:7      | Noticed Maggie
  5639 | D:7      | Killed Maggie
  5857 | D:7      | Reached skill level 1 in Stealth
  5917 | D:7      | Paralysed by an orc for 3 turns
  5944 | D:7      | Noticed Duvessa
  5948 | D:7      | Noticed Dowan
  5953 | D:7      | Killed Duvessa
  5956 | D:7      | Killed Dowan
  6224 | D:7      | Killed Crazy Yiuf
  6300 | D:8      | Reached skill level 10 in Axes
  6445 | D:8      | Reached XP level 10. HP: 57/81 MP: 9/9
  6510 | D:8      | Reached *** piety under Fedhas
  6718 | D:8      | Found a shimmering blue altar of Sif Muna.
  6863 | D:9      | Noticed a manticore
  6879 | D:9      | Killed a manticore
  6880 | D:9      | Reached skill level 11 in Axes
  7118 | D:9      | Noticed a centaur warrior
  7136 | D:9      | Killed a centaur warrior
  7164 | D:9      | Found a staircase to the Orcish Mines.
  7265 | D:9      | Found a sparkling altar of Nemelex Xobeh.
  7268 | D:9      | Found a shimmering altar of Xom.
  7272 | D:9      | Found a bloodstained altar of Trog.
  7340 | D:9      | Found a shadowy altar of Dithmenos.
  7434 | D:9      | Noticed a two-headed ogre
  7462 | D:9      | Mangled by a two-headed ogre

Illustrated notes

Levels and vault maps discovered:
D:1:      dpeg_arrival_long_road, layout_loops_corners, serial_shops, shop
D:2:      layout_basic
D:3:      layout_loops_ring, hellmonk_ecumenical_altar_slurped_away, minmay_puff
D:4:      layout_loops_ring, dk_yredelemnul_ordeal, uniq_menkaure,
          uniq_blork_the_orc
D:5:      layout_cave_pools, lemuel_crystal_altar,
          lemuel_coloured_pillars_altar, minmay_temple_entry_mini_moons
D:6:      old_forge, layout_cave_pools, serial_shops, shop,
          chequers_serial_rivers_room_b, minmay_misc_feat_enclosed,
          kennysheep_potato
D:7:      layout_basic, minmay_statues_item, hangedman_abyss_or_decor_stabs,
          uniq_duvessa, uniq_maggie, uniq_crazy_yiuf_cottage
D:8:      layout_rooms, lemuel_blue_sif_altar, chequers_arboretum
D:9:      kennysheep_big_flooded_room, layout_cave_pools,
          grunt_temple_overflow_diamond, grunt_dithmenos_shadows, david_orc_2
Temple:   nicolae_temple_great_sept

Skill      XL: |  1  2  3  4  5  6  7  8  9 10 |
---------------+-------------------------------+-----
Shields        | 4 5 6 8 |  8.8
Armour         | 4 5 6 7 8 9 |  9.1
Axes           | 3 4 5 6 8 10 11 | 11.6
Fighting       | 4 5 6 7 8 |  8.5
Dodging        | 1 2 3 4 |  4.6
Stealth        | 1 |  1.7
Throwing       | |  0.5
Invocations    | |  0.2

Action                   |  1- 3 |  4- 6 |  7- 9 | 10-12 || total
-------------------------+-------+-------+-------+-------++-------
Melee: War axe           |    90 |   103 |   302 |    95 ||   590
       Headbutt          |    17 |    20 |    70 |    20 ||   127
Throw: Throwing net      |       |       |     4 |       ||     4
Invok: Wall of Briars    |       |       |     1 |       ||     1
  Use: Potion            |       |     1 |       |     1 ||     2
       Scroll            |       |       |    10 |       ||    10
 Stab: Held in net/web   |       |       |     1 |       ||     1
Armor: Scale mail        |    49 |    47 |   140 |    47 ||   283
Dodge: Dodged            |    29 |    29 |   132 |    40 ||   230
Block: Kite shield       |    59 |    55 |   217 |    73 ||   404

Table legend: (Time is in decaauts)
 A = Elapsed time spent in this place.
 B = Non-inter-level travel time spent in this place.
 C = Inter-level travel time spent in this place.
 D = Time resting spent in this place.
 E = Time spent auto-exploring this place.
 F = Levels seen in this place.
 G = Mean time per level.
                   A        B        C        D        E       F      G
               +--------+--------+--------+--------+--------+-----+--------+
         Total |   7647 |   7382 |    265 |    699 |   5185 |  10 |  764.7 |
       Dungeon |   7545 |   7281 |    264 |    699 |   5112 |   9 |  838.3 |
        Temple |    101 |    101 |      0 |      0 |     73 |   1 |  101.0 |
               +--------+--------+--------+--------+--------+-----+--------+

Top non-repeatable levels by time:
     D:2: 1415 daAuts
     D:3: 941 daAuts
     D:4: 918 daAuts
     D:7: 917 daAuts
     D:1: 910 daAuts
     D:6: 639 daAuts
     D:9: 624 daAuts
     D:5: 593 daAuts
     D:8: 584 daAuts
  Temple: 101 daAuts
